Map: Ley Lines

Players

KimChiLoVer - Winner!

  • Race: Terran Terran
  • League: Diamond
  • Spawn Location: 7:00

VOD

Have the link to the VOD?

Description

Time

  • Played on: Aug. 20, 2025, 10:13 p.m.
  • Length: 10:19
Show
View Real Time Build Order
Export as new Build Order

KimChiLoVer Terran - Winner!

Build Orders: Reaper Expand 

Get SALT Encoding   

  12  0:02  SCV  
  12  0:14  SCV  
  12  0:17  Supply Depot  
  12  0:26  SCV  
  12  0:39  SCV  
  12  0:41  Barracks  
  12  0:45  Refinery  
  12  0:51  SCV  
  12  1:03  SCV  
  12  1:15  SCV  
  12  1:28  Orbital Command  
  12  1:29  Reaper  
  12  1:39  Command Center  
  12  1:54  Supply Depot  
  12  1:55  SCV  
  12  2:01  Marine  
  12  2:06  Factory  
  12  2:07  SCV  
  12  2:12  Refinery  
  12  2:20  Barracks  
  12  2:23  SCV  
  12  2:30  Barracks Reactor  
  12  2:35  SCV  
  12  2:39  Barracks  
  12  2:47  SCV  
  12  2:51  Factory Tech Lab  
  12  2:56  Orbital Command  
  12  2:59  SCV  
  12  3:15  SCV  
  12  3:21  Stimpack  
  12  3:27  SCV  
  12  3:30  Command Center  
  12  3:33  SCV  
  12  3:39  Factory Reactor  
  12  3:41  Starport, SCV  
  12  3:45  SCV  
  12  3:49  Marine x3  
  12  3:50  Marine  
  12  3:55  Engineering Bay  
  12  4:01  Engineering Bay  
  12  4:03  SCV  
  12  4:05  SCV  
  12  4:06  Marine  
  12  4:14  Supply Depot  
  12  4:15  SCV  
  12  4:17  Marine, SCV  
  12  4:26  Medivac  
  12  4:27  Medivac  
  12  4:29  Factory Tech Lab  
  12  4:31  Terran Infantry Weapons Level 1  
  12  4:38  Terran Infantry Armor Level 1  
  12  4:43  SCV  
  12  4:44  Orbital Command  
  12  4:46  SCV  
  12  4:50  Refinery  
  12  4:51  Refinery  
  12  4:56  Barracks  
  12  4:59  Barracks  
  12  5:05  Marine x3  
  12  5:06  Marine  
  12  5:08  SCV  
  12  5:09  SCV  
  12  5:15  Siege Tank  
  12  5:19  Orbital Command  
  12  5:20  SCV  
  12  5:23  Supply Depot  
  12  5:32  Armory  
  12  5:33  Marine x2  
  12  5:35  Supply Depot, Combat Shield  
  12  5:38  Barracks Tech Lab  
  12  5:40  Medivac  
  12  5:41  SCV  
  12  5:42  Marine  
  12  5:50  SCV  
  12  5:51  Marine x2  
  12  5:52  Barracks Tech Lab  
  12  5:53  Marine  
  12  6:00  Marine  
  12  6:03  SCV  
  12  6:04  SCV  
  12  6:05  SCV  
  12  6:08  Concussive Shells  
  12  6:09  Marine  
  12  6:11  Barracks Reactor  
  12  6:13  Marine x2, Siege Tank  
  12  6:18  SCV  
  12  6:20  SCV x2  
  12  6:26  Marine x2  
  12  6:28  Terran Infantry Weapons Level 2  
  12  6:31  Medivac  
  12  6:42  Terran Infantry Armor Level 2  
  12  6:47  Supply Depot  
  12  6:50  Supply Depot  
  12  6:58  Supply Depot  
  12  7:06  Barracks  
  12  7:07  Command Center  
  12  7:08  Marine x2, Barracks, SCV x3  
  12  7:13  Barracks  
  12  7:15  Supply Depot  
  12  7:17  Starport  
  12  7:20  Supply Depot  
  12  7:24  Terran Vehicle And Ship Armor Level 1  
  12  7:29  Marine x5, Marauder x2  
  12  7:32  SCV  
  12  7:34  SCV x2  
  12  7:39  Viking  
  12  7:44  SCV  
  12  7:47  Marine x2, Viking  
  12  7:48  Marauder  
  12  7:50  SCV x2, Marauder  
  12  7:54  Siege Tank  
  12  7:56  SCV  
  12  7:57  Supply Depot  
  12  8:02  SCV  
  12  8:03  Starport Reactor  
  12  8:04  Supply Depot, Barracks Tech Lab  
  12  8:05  Marine x3  
  12  8:06  Marine  
  12  8:11  Viking  
  12  8:14  SCV  
  12  8:16  Refinery  
  12  8:17  Viking  
  12  8:20  Supply Depot, Refinery  
  12  8:32  Supply Depot  
  12  8:34  Barracks Reactor, Barracks Tech Lab  
  12  8:35  Marine x3, Marauder x2  
  12  8:36  Marine, Marauder  
  12  8:37  SCV  
  12  8:43  Orbital Command  
  12  8:48  SCV x2  
  12  8:49  SCV  
  12  8:53  Viking x2  
  12  8:55  Siege Tank, Medivac x2  
  12  8:57  Marine, Marauder  
  12  9:17  Marine x3, Marauder x3  
  12  9:18  Refinery  
  12  9:20  Refinery  
  12  9:25  Medivac  
  12  9:30  SCV  
  12  9:31  SCV x3  
  12  9:36  Supply Depot  
  12  9:40  Supply Depot  
  12  9:42  Marine x2, Marauder x2  
  12  9:43  SCV x2  
  12  9:48  Marine x3  
  12  9:49  SCV x2  
  12  9:55  Marine  
  12  9:56  Marine x2  
  12  9:57  Marine  
  12  10:00  Marine  
Tags
 
Add a new tag
Caveats
  • Supply blocks, unpowered buildings, or Contaminate may cause inaccurate times.
  • Supply counts are checked every 10 seconds.